 Dungeon Crawl Stone Soup version 0.29.0-4-gdea44cf6ec (webtiles) character file.

Game seed: 3997567236466987785

11336 qw the Severer (level 11, 0/127 (145) HPs)
             Began as a Minotaur Berserker on Sept 9, 2022.
             Was an Elder of Trog.
             Constricted to death by a naga (1 damage)
             ... on level 2 of the Lair of Beasts.
             The game lasted 00:03:27 (11148 turns).

qw the Severer (Minotaur Berserker)                Turns: 11148, Time: 00:03:27

HP:   0/127 (145)   AC: 15    Str: 32    XL:     11   Next: 48%
MP:   10/10         EV:  4    Int:  4    God:    Trog [****..]
Gold: 237           SH: 10    Dex: 10    Spells: 10/10 levels left

rFire   + . .      SeeInvis .   k - +0 broad axe
rCold   . . .      Faith    .   s - +0 kite shield
rNeg    . . .      Spirit   .   c - +0 plate armour
rPois   .          Reflect  .   (helmet restricted)
rElec   .          Harm     .   (no cloak)
rCorr   .          Rampage  .   (no gloves)
Will    .....                   f - +1 pair of boots
Stlth   ..........              (no amulet)
HPRegen 0.31/turn               q - ring of protection from fire
MPRegen 0.12/turn               r - +6 ring of strength

@: berserking, lethally poisoned (0 -> -5), constricted, heavily drained, slow
A: horns 2, retaliatory headbutt
a: Renounce Religion, Berserk, Trog's Hand, Brothers in Arms


You were on level 2 of the Lair of Beasts.
You worshipped Trog.
Trog was greatly pleased with you.
You visited 2 branches of the dungeon, and saw 10 of its levels.

You collected 426 gold pieces.
You spent 189 gold pieces at shops.


Innate Abilities, Weirdness & Mutations

You have a pair of horns on your head.
You reflexively headbutt those who attack you in melee.


   Skills:
 - Level 9.1 Fighting
 - Level 16.0 Axes
 - Level 2.0 Throwing
 - Level 7.1 Armour
 - Level 3.0 Dodging
 + Level 10.0 Shields


You had 10 spell levels left.
You didn't know any spells.
Your spell library was empty.

Inventory:

Hand Weapons
 k - a +0 broad axe (weapon)
 u - a +2 vorpal flail
Armour
 c - a +0 plate armour (worn)
 f - a +1 pair of boots (worn)
 s - a +0 kite shield (worn)
Jewellery
 d - a ring of protection from fire
 e - a ring of ice
 i - a +6 ring of dexterity
 q - a ring of protection from fire (left hand)
 r - a +6 ring of strength (right hand)
Scrolls
 b - 8 scrolls of identify
 h - a scroll of teleportation
Potions
 a - 3 potions of might
 g - a potion of resistance
 j - 4 potions of curing
 o - a potion of mutation
 p - 2 potions of haste

Dungeon Overview and Level Annotations

Branches:
Dungeon (8/15)             Temple (0/1) D:4            Lair (2/5) D:8
  Snake (0/4) Lair:2
  Swamp: Lair:2-3    Shoals: Lair:2-3

Altars:
Ashenzari
Fedhas
Kikubaaqudgha
Okawaru
Uskayaw
Vehumet
Yredelemnul

Shops:
D:3 =   D:8 (

Annotations:
D:2 1 runed translucent door, Crazy Yiuf
D:5 2 transporters
Lair:2 2 transporters, qw's ghost, journeyman DsCA


Message History

The naga hits you with a +1 flail of draining!
You feel drained. The naga constricts you.
You hit the naga.
The naga is lightly wounded.
The naga loses its grip on you.
You hit the naga but do no damage. You headbutt the naga.
The naga is moderately wounded.
The naga spits poison at you.
The splash of poison hits you but does no damage.
You are poisoned.
Your unstable footing causes you to fumble your attack.
You feel sick. The naga hits you with a +0 long sword!
The naga barely misses you. You block the naga's attack. The naga grabs you.
The naga constricts you.
Your unstable footing causes you to fumble your attack.
You feel sick. You block the naga's attack.
You barely miss the naga.
You headbutt the naga, but do no damage.
The naga is moderately wounded.
You slash the naga!
You feel sick.
The naga hits you with a +1 flail of draining!!
You feel drained. The naga constricts you.
The naga hits you with a +0 long sword.
11146 ||| INVOKING Berserk.
A red film seems to cover your vision as you go berserk!
You feel yourself moving faster!
You feel mighty!
You feel sick.
The naga hits you with a +1 flail of draining!
You feel drained. The naga constricts you. You block the naga's attack.
Your unstable footing causes you to fumble your attack.
The naga hits you with a +1 flail of draining.
You feel drained. The naga constricts you.
Your unstable footing causes you to fumble your attack.
You feel sick. The naga hits you with a +0 long sword!
The naga spits poison at you. The splash of poison hits you!
You are more poisoned.
The naga constricts you.
You die...

..# ..# .## .#
..~~~....~~~~P. #.# .
#P~~P......~~.. .....
..~~.~.>...~~..
#.........~~~.~.....~~~#
...........~~~~...(~~~..
............~~~...~~~...
#........[...~~~N~~~....
#...... ..(..~~@N~.....
... .P ##.###~....P#..
..P##+P###....P##.
.P.......#........
........#......#..
.P#.....##........
#......#.....#..
#....>.#........
######......P###


You could see 2 nagas.

Vanquished Creatures
  2 hydras
  Harold (Lair:1)
  A cyclops (D:6)
  6 elephants (Lair:2)
  Maggie (D:6)
  A cane toad (Lair:1)
  Psyche (D:8)
  A troll (D:6)
  A polar bear (Lair:1)
  A hornet (D:8)
  A basilisk (Lair:1)
  13 yaks
  2 wargs (D:8)
  A steam dragon (D:6)
  5 water moccasins
  An acid dragon (D:7)
  Duvessa (D:6)
  2 orc warriors (D:8)
  2 black bears
  2 ice beasts
  2 sky beasts
  A centaur (D:6)
  A phantom (D:4)
  2 bullfrogs
  3 scorpions
  11 wights
  Dowan (D:6)
  A lava snake (D:7)
  5 hounds
  6 orc priests
  5 iguanas
  6 orc wizards
  Robin (D:4)
  A gnoll (D:1)
  6 adders
  A shadow imp (D:8)
  3 white imps
  2 worms
  2 dart slugs
  24 orcs
  6 ball pythons
  2 bats
  A bat zombie (D:5)
  8 endoplasms
  A giant cockroach (D:1)
  17 goblins
  12 hobgoblins
  13 jackals
  8 kobolds
  5 quokkas
  6 frilled lizards
  7 rats
  A rat zombie (D:5)
  A spectral orc (D:3)
218 creatures vanquished.

Vanquished Creatures (others)
  7 fungi (Lair:2)
  8 plants
15 creatures vanquished.

Grand Total: 233 creatures vanquished

Notes
Turn   | Place    | Note
-------+----------+-------------------------------------------
     0 | D:1      | qw the Minotaur Berserker began the quest for the Orb.
     0 | D:1      | Reached XP level 1. HP: 19/19 MP: 0/0
     0 | D:1      | 0 ||| qw: Version: 0.1-a-113-g051387a
     0 | D:1      | 0 ||| qw: Game counter: 7318
     0 | D:1      | 0 ||| qw: Always use a shield: true
     0 | D:1      | 0 ||| qw: Do Orc after D:15 true
     0 | D:1      | 0 ||| qw: Do second Lair branch before Depths: true
     0 | D:1      | 0 ||| qw: Lair rune preference: random
     0 | D:1      | 0 ||| qw: Plans: Normal
     0 | D:1      | 0 ||| PLANNING D:1-11
    53 | D:1      | 53 ||| INVOKING Berserk.
   212 | D:1      | Reached skill level 4 in Axes
   308 | D:1      | Reached XP level 2. HP: 26/26 MP: 1/1
   576 | D:1      | 576 ||| Stepping ~*~*~tactically~*~*~ (hiding).
   738 | D:1      | Reached skill level 5 in Axes
   740 | D:1      | 740 ||| Stepping ~*~*~tactically~*~*~ (stealth).
   749 | D:1      | Reached XP level 3. HP: 31/31 MP: 2/2
   792 | D:1      | Reached ** piety under Trog
  1010 | D:1      | 1010 ||| INVOKING Berserk.
  1230 | D:1      | 1230 ||| DROPPING +0 club.
  1277 | D:1      | 1277 ||| READING scroll labelled HONLADOPNU.
  1278 | D:1      | 1278 ||| READING scroll labelled KASOH BOPOFIO.
  1401 | D:2      | 1401 ||| STAIRDANCE
  1410 | D:2      | 1410 ||| INVOKING Berserk.
  1416 | D:2      | 1416 ||| STAIRDANCE
  1523 | D:2      | 1523 ||| Stepping ~*~*~tactically~*~*~ (stealth).
  1527 | D:2      | 1527 ||| Stepping ~*~*~tactically~*~*~ (stealth).
  1576 | D:2      | Reached XP level 4. HP: 35/39 MP: 3/3
  1579 | D:2      | Reached skill level 6 in Axes
  1628 | D:2      | Found a faded altar of an unknown god.
  1915 | D:2      | 1915 ||| FLEEEEING.
  2037 | D:2      | Found a runed translucent door.
  2038 | D:2      | Noticed Crazy Yiuf
  2307 | D:2      | 2307 ||| UPGRADING to +0 leather armour.
  2317 | D:2      | 2317 ||| DROPPING +0 animal skin.
  2318 | D:2      | 2318 ||| DROPPING scarf of harm.
  2319 | D:2      | 2319 ||| UPGRADING to +0 chain mail.
  2329 | D:2      | 2329 ||| DROPPING +0 leather armour.
  2330 | D:2      | 2330 ||| UPGRADING to ring of protection from fire.
  2331 | D:2      | 2331 ||| READING scroll labelled JISIHEFERI.
  2362 | D:3      | 2362 ||| SWAPPING to +0 war axe.
  2363 | D:3      | 2363 ||| DROPPING +0 hand axe.
  2387 | D:3      | 2387 ||| Stepping ~*~*~tactically~*~*~ (stealth).
  2399 | D:3      | 2399 ||| Stepping ~*~*~tactically~*~*~ (stealth).
  2404 | D:3      | 2404 ||| Stepping ~*~*~tactically~*~*~ (stealth).
  2466 | D:3      | Found a basalt altar of Yredelemnul.
  2511 | D:3      | 2511 ||| DROPPING +4 mace.
  2592 | D:3      | Found Tadulyl's Jewellery Shop.
  2604 | D:3      | 2604 ||| SHOPLISTING amulet "Lemojiuff" {Regen+ Dex+3
                  | Slay+3} (726 gold, have 99).
  2604 | D:3      | 2604 ||| SHOPLISTING amulet of guardian spirit (390 gold,
                  | have 99).
  2604 | D:3      | 2604 ||| SHOPLISTING ring of protection from cold (325
                  | gold, have 99).
  2622 | D:3      | 2622 ||| Stepping ~*~*~tactically~*~*~ (stealth).
  2626 | D:3      | 2626 ||| Stepping ~*~*~tactically~*~*~ (stealth).
  2628 | D:3      | 2628 ||| Stepping ~*~*~tactically~*~*~ (hiding).
  2636 | D:3      | 2636 ||| INVOKING Berserk.
  2640 | D:3      | Reached XP level 5. HP: 45/45 MP: 4/4
  2807 | D:3      | 2807 ||| Stepping ~*~*~tactically~*~*~ (hiding).
  2814 | D:3      | Reached skill level 7 in Axes
  3029 | D:3      | 3029 ||| Stepping ~*~*~tactically~*~*~ (stealth).
  3030 | D:3      | 3030 ||| Stepping ~*~*~tactically~*~*~ (stealth).
  3031 | D:3      | 3031 ||| Stepping ~*~*~tactically~*~*~ (stealth).
  3032 | D:3      | 3032 ||| Stepping ~*~*~tactically~*~*~ (stealth).
  3033 | D:3      | 3033 ||| Stepping ~*~*~tactically~*~*~ (stealth).
  3133 | D:3      | 3133 ||| UPGRADING to ring of protection from fire.
  3134 | D:3      | 3134 ||| READING 2 scrolls labelled WUETSU DAAG.
  3135 | D:3      | 3135 ||| READING scroll labelled GEW TAVILIN.
  3138 | D:3      | 3138 ||| READING scroll labelled FANICO ENWUYW.
  3139 | D:3      | 3139 ||| DRINKING 2 metallic puce potions.
  3226 | D:4      | 3226 ||| INVOKING Berserk.
  3366 | D:4      | Found a radiant altar of Vehumet.
  3391 | D:4      | 3391 ||| Stepping ~*~*~tactically~*~*~ (hiding).
  3392 | D:4      | 3392 ||| Stepping ~*~*~tactically~*~*~ (hiding).
  3396 | D:4      | 3396 ||| Stepping ~*~*~tactically~*~*~ (hiding).
  3397 | D:4      | 3397 ||| Stepping ~*~*~tactically~*~*~ (hiding).
  3399 | D:4      | 3399 ||| Stepping ~*~*~tactically~*~*~ (hiding).
  3477 | D:4      | 3477 ||| Stepping ~*~*~tactically~*~*~ (stealth).
  3487 | D:4      | Reached skill level 8 in Axes
  3489 | D:4      | You fall into a shaft and drop 3 floors!
  3497 | D:7      | 3497 ||| UPGRADING to +0 buckler.
  3502 | D:7      | 3502 ||| DRINKING 2 glowing cyan potions.
  3503 | D:7      | 3503 ||| READING 2 scrolls of identify.
  3503 | D:7      | 3503 ||| IDENTIFYING inky potion
  3504 | D:7      | 3504 ||| DROPPING potion of brilliance.
  3515 | D:6      | Noticed an ice beast
  3521 | D:6      | 3521 ||| INVOKING Berserk.
  3525 | D:6      | Reached skill level 1 in Shields
  3525 | D:6      | Reached XP level 6. HP: 52/52 MP: 5/5
  3527 | D:6      | Killed an ice beast
  3527 | D:6      | Reached *** piety under Trog
  3528 | D:6      | Reached skill level 3 in Shields
  3726 | D:6      | Noticed Maggie
  3727 | D:6      | 3727 ||| Stepping ~*~*~tactically~*~*~ (hiding).
  3740 | D:6      | HP: 10/52 [Maggie/+0 glaive (8)]
  3741 | D:6      | Killed Maggie
  3742 | D:6      | Reached skill level 9 in Axes
  3742 | D:6      | Reached XP level 7. HP: 12/59 MP: 6/6
  3762 | D:6      | 3762 ||| INVOKING Berserk.
  4014 | D:6      | Noticed a steam dragon
  4015 | D:6      | Noticed a cyclops
  4017 | D:6      | 4017 ||| INVOKING Berserk.
  4022 | D:6      | Killed a steam dragon
  4026 | D:6      | Killed a cyclops
  4027 | D:6      | Reached XP level 8. HP: 69/69 MP: 7/7
  4203 | D:6      | Reached skill level 10 in Axes
  4205 | D:6      | 4205 ||| Stepping ~*~*~tactically~*~*~ (hiding).
  4213 | D:6      | Reached skill level 6 in Fighting
  4337 | D:6      | Noticed a troll
  4342 | D:6      | 4342 ||| INVOKING Berserk.
  4349 | D:6      | Killed a troll
  4433 | D:6      | 4433 ||| UPGRADING to +0 swamp dragon scales.
  4443 | D:6      | 4443 ||| READING scroll of enchant armour.
  4443 | D:6      | 4443 ||| ENCHANTING +0 swamp dragon scales.
  4444 | D:6      | 4444 ||| DROPPING ring of ice.
  4445 | D:6      | 4445 ||| UPGRADING to +6 ring of strength.
  4447 | D:6      | 4447 ||| READING scroll labelled ZOURIMEIDGH.
  4448 | D:6      | 4448 ||| READING 3 scrolls of identify.
  4448 | D:6      | 4448 ||| IDENTIFYING red potion
  4449 | D:6      | 4449 ||| READING 2 scrolls of identify.
  4449 | D:6      | 4449 ||| IDENTIFYING ruby potion
  4455 | D:5      | Entered Level 5 of the Dungeon
  4540 | D:5      | Found a transporter.
  4558 | D:5      | Reached skill level 11 in Axes
  4573 | D:5      | Found a transporter.
  4677 | D:5      | Found a blossoming altar of Fedhas.
  4717 | D:5      | 4717 ||| DROPPING ring of fire.
  4718 | D:5      | 4718 ||| READING 2 scrolls labelled PIYHOLI AMNA.
  4719 | D:5      | 4719 ||| READING 3 scrolls of identify.
  4719 | D:5      | 4719 ||| IDENTIFYING metallic purple potion
  4720 | D:5      | 4720 ||| READING 2 scrolls of identify.
  4720 | D:5      | 4720 ||| IDENTIFYING purple potion
  4721 | D:5      | 4721 ||| DROPPING scroll of poison.
  4726 | D:4      | Noticed Robin
  4737 | D:4      | Killed Robin
  4810 | D:4      | Found a staircase to the Ecumenical Temple.
  4813 | D:4      | 4813 ||| INVOKING Berserk.
  5056 | D:4      | 5056 ||| Stepping ~*~*~tactically~*~*~ (stealth).
  5057 | D:4      | 5057 ||| Stepping ~*~*~tactically~*~*~ (stealth).
  5077 | D:4      | 5077 ||| Stepping ~*~*~tactically~*~*~ (stealth).
  5079 | D:4      | 5079 ||| INVOKING Berserk.
  5086 | D:4      | 5086 ||| STAIRDANCE
  5188 | D:3      | 5188 ||| READING 4 scrolls of identify.
  5188 | D:3      | 5188 ||| IDENTIFYING glowing inky potion
  5189 | D:3      | 5189 ||| DROPPING potion of flight.
  5340 | D:4      | 5340 ||| UPGRADING to +0 pair of boots.
  5345 | D:4      | 5345 ||| DROPPING +6 ring of intelligence.
  5410 | D:5      | Found a broken altar of Ashenzari.
  5493 | D:5      | Reached XP level 9. HP: 75/75 MP: 8/8
  5778 | D:5      | Found an ancient bone altar of Kikubaaqudgha.
  5874 | D:6      | Noticed Duvessa
  5874 | D:6      | Noticed Dowan
  5875 | D:6      | 5875 ||| INVOKING Berserk.
  5877 | D:6      | Killed Dowan
  5883 | D:6      | Killed Duvessa
  5884 | D:6      | 5884 ||| STAIRDANCE
  5996 | D:6      | 5996 ||| Stepping ~*~*~tactically~*~*~ (stealth).
  5997 | D:6      | 5997 ||| Stepping ~*~*~tactically~*~*~ (stealth).
  6063 | D:6      | Found an iron altar of Okawaru.
  6413 | D:6      | 6413 ||| READING scroll labelled SIPNICH RIOPHU.
  6414 | D:6      | 6414 ||| READING 6 scrolls of identify.
  6414 | D:6      | 6414 ||| IDENTIFYING glowing green potion
  6415 | D:6      | 6415 ||| DROPPING potion of degeneration.
  6485 | D:7      | Reached skill level 12 in Axes
  6501 | D:7      | Found a hide-covered altar of Uskayaw.
  6708 | D:7      | Reached **** piety under Trog
  6709 | D:7      | Reached skill level 3 in Dodging
  6737 | D:7      | 6737 ||| Stepping ~*~*~tactically~*~*~ (hiding).
  7204 | D:7      | 7204 ||| UPGRADING to +0 kite shield.
  7214 | D:7      | 7214 ||| DROPPING +0 buckler.
  7215 | D:7      | 7215 ||| READING scroll labelled VUH OTAGUATORU.
  7378 | D:7      | 7378 ||| READING 7 scrolls of identify.
  7378 | D:7      | 7378 ||| IDENTIFYING fizzy green potion
  7379 | D:7      | 7379 ||| DROPPING potion of lignification.
  7414 | D:8      | 7414 ||| INVOKING Berserk.
  7541 | D:8      | 7541 ||| FLEEEEING.
  7543 | D:8      | 7543 ||| STAIRDANCE
  7651 | D:8      | 7651 ||| INVOKING Berserk.
  7666 | D:8      | Reached skill level 6 in Shields
  7719 | D:8      | 7719 ||| FLEEEEING.
  7720 | D:8      | 7720 ||| Stepping ~*~*~tactically~*~*~ (stealth).
  7721 | D:8      | 7721 ||| Stepping ~*~*~tactically~*~*~ (stealth).
  7725 | D:8      | 7725 ||| INVOKING Berserk.
  7738 | D:8      | HP: 15/79 [warg (11)]
  7739 | D:8      | 7739 ||| READING scroll of teleportation.
  7740 | D:8      | 7740 ||| DRINKING 2 potions of heal wounds.
  7744 | D:8      | 7744 ||| Stepping ~*~*~tactically~*~*~ (stealth).
  7898 | D:8      | 7898 ||| Stepping ~*~*~tactically~*~*~ (stealth).
  7964 | D:8      | 7964 ||| Stepping ~*~*~tactically~*~*~ (stealth).
  7969 | D:8      | Noticed Psyche
  7970 | D:8      | 7970 ||| Stepping ~*~*~tactically~*~*~ (stealth).
  8000 | D:8      | 8000 ||| INVOKING Berserk.
  8007 | D:8      | Killed Psyche
  8008 | D:8      | Reached XP level 10. HP: 86/86 MP: 9/9
  8112 | D:8      | 8112 ||| Stepping ~*~*~tactically~*~*~ (stealth).
  8115 | D:8      | 8115 ||| Stepping ~*~*~tactically~*~*~ (hiding).
  8128 | D:8      | 8128 ||| Stepping ~*~*~tactically~*~*~ (stealth).
  8130 | D:8      | 8130 ||| Stepping ~*~*~tactically~*~*~ (hiding).
  8147 | D:8      | 8147 ||| FLEEEEING.
  8224 | D:8      | 8224 ||| READING scroll of enchant armour.
  8224 | D:8      | 8224 ||| ENCHANTING +0 pair of boots.
  8249 | D:8      | Found a staircase to the Lair.
  8251 | D:8      | 8251 ||| Stepping ~*~*~tactically~*~*~ (hiding).
  8403 | D:8      | Reached skill level 9 in Shields
  8439 | D:8      | 8439 ||| Stepping ~*~*~tactically~*~*~ (stealth).
  8442 | D:8      | 8442 ||| Stepping ~*~*~tactically~*~*~ (stealth).
  8446 | D:8      | 8446 ||| Stepping ~*~*~tactically~*~*~ (stealth).
  8447 | D:8      | 8447 ||| Stepping ~*~*~tactically~*~*~ (stealth).
  8450 | D:8      | 8450 ||| Stepping ~*~*~tactically~*~*~ (stealth).
  8461 | D:8      | 8461 ||| Stepping ~*~*~tactically~*~*~ (stealth).
  8462 | D:8      | 8462 ||| Stepping ~*~*~tactically~*~*~ (stealth).
  8563 | D:8      | Reached skill level 13 in Axes
  8789 | D:8      | Found Qoprix's Weapon Emporium.
  8795 | D:8      | 8795 ||| BUYING +2 vorpal flail (189 gold).
  8795 | D:8      | Bought a +2 vorpal flail for 189 gold pieces
  8795 | D:8      | 8795 ||| DROPPING +0 flail.
  8893 | D:8      | 8893 ||| Stepping ~*~*~tactically~*~*~ (hiding).
  9033 | D:8      | 9033 ||| PLANNING LAIR
  9033 | D:8      | 9033 ||| UPGRADING to +0 plate armour.
  9043 | D:8      | 9043 ||| DROPPING +0 chain mail.
  9044 | D:8      | 9044 ||| DROPPING +1 swamp dragon scales.
  9045 | D:8      | 9045 ||| READING scroll labelled WAEFRU XENON.
  9046 | D:8      | 9046 ||| READING scroll labelled RURYUKHLORCH.
  9047 | D:8      | 9047 ||| READING 6 scrolls of identify.
  9047 | D:8      | 9047 ||| IDENTIFYING fuming red potion
  9048 | D:8      | 9048 ||| DROPPING potion of magic.
  9067 | D:8      | 9067 ||| READING 2 scrolls labelled KAIMPE AZEA.
  9068 | D:8      | 9068 ||| DROPPING scroll of blinking.
  9072 | Lair:1   | Entered Level 1 of the Lair of Beasts
  9076 | Lair:1   | Reached skill level 6 in Armour
  9076 | Lair:1   | 9076 ||| INVOKING Berserk.
  9356 | Lair:1   | Noticed a cane toad
  9360 | Lair:1   | 9360 ||| INVOKING Berserk.
  9362 | Lair:1   | Killed a cane toad
  9363 | Lair:1   | Reached skill level 14 in Axes
  9463 | Lair:1   | 9463 ||| Stepping ~*~*~tactically~*~*~ (hiding).
  9845 | Lair:1   | Noticed Harold
  9846 | Lair:1   | 9846 ||| Stepping ~*~*~tactically~*~*~ (hiding).
  9847 | Lair:1   | 9847 ||| Stepping ~*~*~tactically~*~*~ (hiding).
  9858 | Lair:1   | 9858 ||| INVOKING Berserk.
  9858 | Lair:1   | Noticed a five-headed hydra
  9868 | Lair:1   | Killed Harold
  9869 | Lair:1   | Reached XP level 11. HP: 64/94 MP: 10/10
  9871 | Lair:1   | HP: 33/141 [eight-headed hydra (3)]
  9873 | Lair:1   | HP: 14/141 [ten-headed hydra (3)]
  9874 | Lair:1   | Killed an 11-headed hydra
 10346 | Lair:1   | 10346 ||| SWAPPING to +0 broad axe.
 10347 | Lair:1   | 10347 ||| DROPPING +0 war axe.
 10502 | Lair:2   | Noticed a four-headed hydra
 10503 | Lair:2   | 10503 ||| INVOKING Brothers in Arms.
 10504 | Lair:2   | Found a transporter.
 10506 | Lair:2   | 10506 ||| SWAPPING to +2 vorpal flail.
 10507 | Lair:2   | 10507 ||| INVOKING Berserk.
 10510 | Lair:2   | Killed a four-headed hydra
 10511 | Lair:2   | Reached skill level 15 in Axes
 10582 | Lair:2   | 10582 ||| SWAPPING to +0 broad axe.
 10584 | Lair:2   | Found a transporter.
 10584 | Lair:2   | Noticed qw's ghost (journeyman DsCA)
 10601 | Lair:2   | 10601 ||| Stepping ~*~*~tactically~*~*~ (stealth).
 10617 | Lair:2   | 10617 ||| FLEEEEING.
 10762 | Lair:2   | Reached skill level 9 in Fighting
 10762 | Lair:2   | 10762 ||| FLEEEEING.
 10763 | Lair:2   | 10763 ||| FLEEEEING.
 10764 | Lair:2   | 10764 ||| FLEEEEING.
 10765 | Lair:2   | 10765 ||| FLEEEEING.
 10766 | Lair:2   | 10766 ||| STAIRDANCE
 10897 | Lair:2   | 10897 ||| INVOKING Berserk.
 10908 | Lair:2   | Reached skill level 16 in Axes
 10914 | Lair:2   | HP: 24/97 [basilisk (1)]
 10915 | Lair:2   | 10915 ||| READING 2 scrolls of teleportation.
 10916 | Lair:2   | 10916 ||| DRINKING potion of heal wounds.
 11135 | Lair:2   | Found a staircase to the Snake Pit.
 11146 | Lair:2   | 11146 ||| INVOKING Berserk.
 11146 | Lair:2   | HP: 29/130 [naga/+1 flail of draining (5)]
 11148 | Lair:2   | HP: 9/127 [naga/+0 long sword (11)]
 11148 | Lair:2   | HP: 1/127 [naga/splash of poison (8)]
 11148 | Lair:2   | Constricted to death by a naga

Levels and vault maps discovered:
D:1:      lightli_arrival_maybe_door_vault, layout_basic, minivault_14
D:2:      layout_loops_cross, hellmonk_ecumenical_altar_blasted, minmay_tripent,
          uniq_crazy_yiuf_cottage
D:3:      cheibrodos_old_hovel, layout_loops_cross,
          yredelemnul_forgotten_temple_becter, serial_shops, shop
D:4:      layout_rooms, lemuel_doored_altar, minmay_temple_entry_proselytizer,
          uniq_robin
D:5:      gammafunk_wand_slinger, layout_basic, fedhas_altar_3,
          lemuel_zombie_altar_kikubaaqudgha, marbit_many_paths
D:6:      layout_basic, kennysheep_okawaru_gauntlet, uniq_maggie, uniq_duvessa
D:7:      layout_basic, nicolae_uskayaw_suspiria, kennysheep_generic_room_11
D:8:      layout_loops_ring, erik_lair_orcish_takeover, serial_shops,
          nicolae_shop_bloodbath_and_beyond, uniq_psyche
Lair:1:   layout_roguey, serial_bayou_pond_e, chequers_serial_rivers_micro_d,
          chequers_serial_rivers_micro_a, uniq_harold
Lair:2:   layout_regular_city, shoals_dummy_entry, guppyfry_snake_entry_island,
          gammafunk_ghost_hive, serial_bayou_shore_b, serial_bayou_shore_b,
          grunt_megastairs_2

Skill      XL: |  1  2  3  4  5  6  7  8  9 10 11 |
---------------+----------------------------------+-----
Axes           | 4 5 6 8 9 11 12 14 16 | 16.0
Fighting       | 4 5 6 7 8 9 |  9.1
Shields        | 1 3 4 8 10 | 10.0
Armour         | 5 7 |  7.1
Throwing       | 2 |  2.0
Dodging        | 3 |  3.0

Action                   |  1- 3 |  4- 6 |  7- 9 | 10-12 || total
-------------------------+-------+-------+-------+-------++-------
Melee: Hand axe          |    88 |    16 |       |       ||   104
       Headbutt          |    13 |    11 |    24 |    36 ||    84
       War axe           |       |    82 |   184 |   109 ||   375
       Broad axe         |       |       |       |    56 ||    56
       Flail             |       |       |       |     3 ||     3
Throw: Boomerang         |       |       |    17 |       ||    17
Invok: Berserk           |     3 |     3 |    10 |     6 ||    22
       Brothers in Arms  |       |       |       |     1 ||     1
  Use: Scroll            |     2 |     5 |    13 |     6 ||    26
       Potion            |       |     2 |     1 |     1 ||     4
Armor: Animal skin       |    12 |     2 |       |       ||    14
       Chain mail        |       |    41 |    17 |       ||    58
       Swamp dragon scal |       |       |    44 |     9 ||    53
       Plate armour      |       |       |       |    65 ||    65
Dodge: Dodged            |    45 |    31 |    62 |    35 ||   173
Block: Buckler           |       |     1 |    26 |       ||    27
       Kite shield       |       |       |    15 |    73 ||    88

Table legend:
 A = Non-vault XP
 B = Vault XP
 C = Vault XP percentage of total XP
 D = Non-vault monster count
 E = Vault monster count
 F = Vault count percentage of total count
                 A         B        C        D         E       F
            +---------+---------+-------+---------+---------+-------
      Total |   13732 |    2463 |  15.2 |     185 |      33 |  15.1
            +---------+---------+-------+---------+---------+-------
        D:1 |      81 |       0 |   0.0 |      37 |       0 |   0.0
        D:2 |      36 |       4 |  10.0 |      12 |       2 |  14.3
        D:3 |      85 |       4 |   4.5 |      21 |       2 |   8.7
        D:4 |     335 |      80 |  19.3 |      23 |      14 |  37.8
        D:5 |     390 |       6 |   1.5 |      10 |       3 |  23.1
        D:6 |    1607 |     596 |  27.1 |      20 |       3 |  13.0
        D:7 |     844 |       0 |   0.0 |      10 |       0 |   0.0
        D:8 |    1909 |     923 |  32.6 |      23 |       8 |  25.8
     Lair:1 |    4517 |     850 |  15.8 |      20 |       1 |   4.8
     Lair:2 |    3928 |       0 |   0.0 |       9 |       0 |   0.0
            +---------+---------+-------+---------+---------+-------
